 Dungeon Sprint DCSS version 0.24-a0-584-g9d6b971 (webtiles) character file.

Game seed: 15462242030139334510, levelgen mode: deterministic

2331 silentkaos13 the Carver (level 9, -7/75 HPs)
             Began as a Demonspawn Gladiator on Sept 3, 2019.
             Was a Believer of Makhleb.
             Mangled by a centaur warrior (13 damage)
             ... in the Dungeon (Sprint I: "Red Sonja").
             The game lasted 00:04:20 (1716 turns).

silentkaos13 the Carver (Demonspawn Gladiator)      Turns: 1716, Time: 00:04:20

Health: -7/75      AC:  3    Str: 17    XL:     9   Next: 19%
Magic:  16/16      EV: 17    Int: 10    God:    Makhleb [**....]
Gold:   802        SH:  0    Dex: 15    Spells: 8/8 levels left

rFire    . . .     SeeInvis +   a - +0 long sword
rCold    . . .     Gourm    .   (no shield)
rNeg     . . .     Faith    .   b - +0 leather armour
rPois    .         Spirit   .   (helmet unavailable)
rElec    .         Reflect  .   (no cloak)
rCorr    .         Harm     .   (no gloves)
MR       .....     NoTele   +   (no boots)
Stlth    ++........             (no amulet)
HPRegen  0.22/turn              (no ring)
MPRegen  0.15/turn              (no ring)

@: very slow
A: antennae 3, talons 2, nightstalker 1, spiny 1
a: Minor Destruction, Renounce Religion


You were in the Dungeon.
You worshipped Makhleb.
Makhleb was pleased with you.
You were not hungry.

You visited 1 branch You collected 872 gold pieces.
You spent 70 gold pieces at shops.

Inventory:

Hand Weapons
 a - a +0 long sword (weapon)
Missiles
 j - 2 curare-tipped darts (quivered)
Armour
 b - a +0 leather armour (worn)
 c - a +0 helmet
Wands
 d - a wand of flame (8)
Scrolls
 k - a scroll of blinking
 l - a scroll of identify {unknown}
 m - a scroll of enchant weapon {unknown}
Potions
 e - 3 potions of curing
 h - a potion of haste
 i - 2 potions of magic
Comestibles
 f - 2 rations


   Skills:
 + Level 8.5 Fighting
 + Level 12.4 Long Blades
 - Level 4.3 Throwing
 + Level 5.5 Armour
 + Level 8.8 Dodging
 - Level 1.6 Stealth
 * Level 9.4 Invocations


You had 8 spell levels left.
You didn't know any spells.
Your spell library was empty.

Dungeon Overview and Level Annotations

Branches:
Dungeon (1/1)

Altars:
Cheibriados
Dithmenos
Elyvilon
Fedhas
Gozag
Hepliaklqana
Kikubaaqudgha
Makhleb
Nemelex Xobeh
Okawaru
Qazlal
Ru
Sif Muna
Trog
Uskayaw
Vehumet
Wu Jian
Xom
Yredelemnul
Zin
The Shining One
Jiyva
Lugonu

Shops:
D %?[


Innate Abilities, Weirdness & Mutations

You have a pair of large antennae on your head. (SInv)
You have razor-sharp toenails.
You are slightly more attuned to the shadows.
You are partially covered in sharp spines.


Message History

You throw a curare-tipped dart.
The curare-tipped dart hits the centaur warrior.
The centaur warrior is poisoned.
The centaur warrior convulses.
The centaur warrior seems to slow down.
The centaur warrior is lightly wounded.
You feel much better.
The centaur warrior shoots an arrow.
The arrow hits you!
* * * LOW HITPOINT WARNING * * *
You hear a splash.
The centaur warrior unwields a +0 shortbow.
The centaur warrior is struck by your spines.
The centaur warrior completely misses you.
You riposte.
Your unstable footing causes you to fumble your attack.
Your unstable footing causes you to fumble your attack.
Your unstable footing causes you to fumble your attack.
The centaur warrior hits you!
* * * LOW HITPOINT WARNING * * *
The centaur warrior unwields a +0 shortbow.
The centaur warrior hits you!
You die...

########################
.#..').#.)'..#__#..'...#
.').#..'..#..'..'..#)..#
.#####'#####'#__####§..+
.####..#...#.####$)#####{{
.#__####..##(#§§§§§#
.#_____##'#_.+§§§c§+ {
⌠#_.∩...'..._#§§@c§#
##_..__##_.#'##§#### {
#_____###'#.#§§..###{
##########.####§###.##
........'...'.§§..'[∩#
#++++####.).########## {
###.### { {#.#'#.#{{ {
#.....# {


You could see 2 centaur warriors.

Vanquished Creatures
  Sonja (D)
  A deep troll (D)
  2 kobold demonologists (D)
  A slime creature (D)
  Sigmund (D)
  A yak (D)
  A floating eye (D)
  An ogre (D)
  A jelly (D)
  Ijyb (D)
  3 ballistomycetes (D)
14 creatures vanquished.

Vanquished Creatures (others)
  A gargoyle (D)
  2 ballistomycete spores (D)
3 creatures vanquished.

Grand Total: 17 creatures vanquished

Notes
Turn   | Place    | Note
-------+----------+-------------------------------------------
     0 | D        | silentkaos13 the Demonspawn Gladiator began the quest for
                  | the Orb.
     0 | D        | Reached XP level 1. HP: 16/16 MP: 1/1
     1 | D        | Noticed Ijyb
    19 | D        | Killed Ijyb
    19 | D        | Reached skill level 4 in Long Blades
    19 | D        | Gained mutation: You have sharp toenails. [demonic
                  | ancestry]
    19 | D        | Reached XP level 2. HP: 11/23 MP: 2/2
   180 | D        | Noticed an ogre
   188 | D        | Killed an ogre
   188 | D        | Reached skill level 6 in Long Blades
   188 | D        | Reached skill level 1 in Armour
   188 | D        | Reached skill level 5 in Dodging
   188 | D        | Reached XP level 3. HP: 13/30 MP: 3/3
   188 | D        | Gained mutation: You have razor-sharp toenails. [demonic
                  | ancestry]
   188 | D        | Reached XP level 4. HP: 17/37 MP: 4/4
   356 | D        | Noticed Sigmund
   368 | D        | Killed Sigmund
   368 | D        | Reached skill level 5 in Fighting
   368 | D        | Reached skill level 8 in Long Blades
   368 | D        | Gained mutation: You are partially covered in sharp spines.
                  | [demonic ancestry]
   368 | D        | Reached XP level 5. HP: 14/44 MP: 5/5
   368 | D        | Gained mutation: You have a pair of small antennae on your
                  | head. [demonic ancestry]
   368 | D        | Reached XP level 6. HP: 16/51 MP: 6/6
   583 | D        | Found a burning altar of Makhleb.
   583 | D        | Found a viscous altar of Jiyva.
   583 | D        | Found a shimmering altar of Xom.
   583 | D        | Found a corrupted altar of Lugonu.
   583 | D        | Noticed a slime creature
   592 | D        | Killed a slime creature
   592 | D        | Reached skill level 9 in Long Blades
   592 | D        | Reached skill level 1 in Stealth
   595 | D        | Became a worshipper of Makhleb the Destroyer
   612 | D        | Found an ornate altar of the Wu Jian Council.
   612 | D        | Found a shimmering blue altar of Sif Muna.
   614 | D        | Found a radiant altar of Vehumet.
   618 | D        | Reached skill level 1 in Invocations
   646 | D        | Found Pyelutass's Magic Scroll Emporium.
   646 | D        | Found an ancient bone altar of Kikubaaqudgha.
   646 | D        | Found a hazy altar of Hepliaklqana.
   646 | D        | Found a stormy altar of Qazlal.
   646 | D        | Found a hide-covered altar of Uskayaw.
   646 | D        | Found a blossoming altar of Fedhas.
   646 | D        | Found a bloodstained altar of Trog.
   646 | D        | Found an iron altar of Okawaru.
   646 | D        | Found a basalt altar of Yredelemnul.
   646 | D        | Found a glowing golden altar of the Shining One.
   646 | D        | Found a snail-covered altar of Cheibriados.
   646 | D        | Found a sacrificial altar of Ru.
   646 | D        | Found a glowing silver altar of Zin.
   646 | D        | Found a shadowy altar of Dithmenos.
   646 | D        | Found a white marble altar of Elyvilon.
   646 | D        | Noticed a yak
   653 | D        | Killed a yak
   653 | D        | Gained mutation: You are slightly more attuned to the
                  | shadows. [demonic ancestry]
   653 | D        | Reached XP level 7. HP: 41/58 MP: 6/9
   654 | D        | Found an opulent altar of Gozag.
   655 | D        | Found a sparkling altar of Nemelex Xobeh.
   755 | D        | Noticed a kobold demonologist
   756 | D        | Noticed a kobold demonologist
   759 | D        | Reached * piety under Makhleb
   759 | D        | Reached skill level 10 in Long Blades
   764 | D        | Noticed a rust devil
   765 | D        | Killed a kobold demonologist
   765 | D        | Reached skill level 5 in Invocations
   770 | D        | Killed a kobold demonologist
   770 | D        | Reached skill level 11 in Long Blades
   770 | D        | Gained mutation: You have a pair of antennae on your head.
                  | [demonic ancestry]
   770 | D        | Reached XP level 8. HP: 67/67 MP: 9/13
   819 | D        | Noticed Sonja
   826 | D        | Killed Sonja
   826 | D        | Reached ** piety under Makhleb
   826 | D        | Reached skill level 5 in Armour
   980 | D        | Killed a gargoyle
  1104 | D        | Found Wugyx's Food Boutique.
  1111 | D        | Bought a ration for 70 gold pieces
  1124 | D        | Noticed a deep troll
  1141 | D        | Killed a deep troll
  1141 | D        | Reached skill level 12 in Long Blades
  1141 | D        | Gained mutation: You have a pair of large antennae on your
                  | head. (SInv) [demonic ancestry]
  1141 | D        | Reached XP level 9. HP: 7/75 MP: 14/16
  1158 | D        | Found Butoihue's Armour Emporium.
  1709 | D        | Noticed a centaur warrior
  1711 | D        | Noticed a centaur warrior
  1716 | D        | Mangled by a centaur warrior

Levels and vault maps discovered:
D:        dungeon_sprint_1 [red_sonja_temple_1, red_sonja_temple_small_1]

Skill      XL: |  1  2  3  4  5  6  7  8 |
---------------+-------------------------+-----
Long Blades    | 4 6 8 9 11 12 | 12.4
Throwing       | 2 3 4 |  4.3
Dodging        | 4 5 6 7 8 |  8.8
Fighting       | 4 5 6 7 8 |  8.5
Armour         | 1 2 3 4 5 |  5.5
Stealth        | 1 |  1.6
Invocations    | 3 6 9 |  9.4

Action                   |  1- 3 |  4- 6 |  7- 9 || total
-------------------------+-------+-------+-------++-------
Melee: Long sword        |    23 |    25 |    35 ||    83
       Kick              |     2 |    12 |    10 ||    24
Throw: Throwing net      |     1 |     3 |       ||     4
       Dart              |       |       |     6 ||     6
Evoke: Wand              |       |     1 |       ||     1
  Use: Potion            |       |       |     2 ||     2
 Stab: Held in net/web   |       |     1 |       ||     1
       Sleeping          |       |       |     1 ||     1
  Eat: Ration            |       |       |     1 ||     1
Armor: Leather armour    |     7 |     2 |     7 ||    16
Dodge: Dodged            |     7 |     8 |    15 ||    30
       Rpst.: Long sword |     2 |     2 |     3 ||     7

Table legend:
 A = Non-vault XP
 B = Vault XP
 C = Vault XP percentage of total XP
 D = Non-vault monster count
 E = Vault monster count
 F = Vault count percentage of total count
                 A         B        C        D         E       F
            +---------+---------+-------+---------+---------+-------
      Total |       0 |    3331 | 100.0 |       0 |      11 | 100.0
            +---------+---------+-------+---------+---------+-------
          D |       0 |    3331 | 100.0 |       0 |      11 | 100.0
            +---------+---------+-------+---------+---------+-------
